Map: Emerald City LE

Players

Masterz

  • Race: Zerg Zerg
  • Spawn Location: 11:00

Takkie

  • Race: Zerg Zerg
  • Spawn Location: 11:00

Nigrnog

  • Race: Zerg Zerg
  • League: Silver
  • Spawn Location: 5:00

MooEsqoo

  • Race: Zerg Zerg
  • Spawn Location: 5:00

VOD

Have the link to the VOD?

Description

Time

  • Played on: Dec. 29, 2019, 1:30 p.m.
  • Length: 18:28
Show
View Real Time Build Order
Export as new Build Order

Masterz Zerg 

Build Orders: 1 Base Baneling Bust, Pool First, Lurkers, Ravager All-In 

Get SALT Encoding   

  12  0:00  Drone  
  13  0:08  Drone  
  14  0:15  Extractor  
  13  0:28  Spawning Pool  
  13  0:32  Drone  
  13  0:40  Overlord  
  13  0:46  Drone  
  14  0:54  Drone, Extractor  
  15  1:02  Drone  
  16  1:15  Queen  
  18  1:26  Roach Warren  
  18  1:31  Drone  
  18  1:35  Drone  
  19  1:42  Drone  
  20  1:48  Overlord  
  20  1:59  Drone  
  21  2:07  Roach  
  23  2:20  Roach  
  25  2:25  Roach x2  
  25  2:29  Overlord  
  29  2:37  Overlord  
  29  2:50  Roach x2  
  33  2:52  Ravager x2  
  35  2:59  Ravager  
  35  3:01  Zergling x6  
  39  3:09  Zergling x2  
  40  3:21  Zergling x2  
  41  3:29  Overlord  
  41  3:38  Zergling x6  
  44  3:43  Zergling x2  
  45  3:55  Overlord  
  46  4:03  Ravager x2  
  46  4:04  Zergling x2  
  48  4:10  Zergling x2, Overlord  
  48  4:11  Zergling x2  
  49  4:30  Zergling x4  
  26  4:44  Extractor  
  25  4:47  Roach x3  
  25  4:52  Baneling Nest  
  30  4:56  Hatchery  
  29  5:11  Drone x2  
  29  5:12  Drone  
  29  5:13  Drone x2  
  34  5:20  Metabolic Boost  
  34  5:27  Drone  
  35  5:49  Baneling x3  
  35  5:50  Baneling  
  35  5:56  Hatchery, Baneling  
  27  6:12  Roach x4  
  35  6:26  Roach x4  
  43  6:35  Roach  
  43  6:38  Ravager  
  42  6:56  Roach x4  
  50  7:08  Drone  
  51  7:13  Evolution Chamber  
  50  7:16  Queen  
  50  7:20  Drone x3  
  55  7:32  Ravager x2  
  55  7:34  Ravager  
  58  7:38  Drone  
  58  7:39  Drone x4  
  63  7:52  Zerg Missile Weapons Level 1  
  63  7:55  Drone  
  63  7:56  Drone x3  
  67  8:05  Overlord  
  67  8:18  Lair  
  67  8:25  Extractor  
  67  8:26  Drone x3  
  67  8:27  Roach x2  
  67  8:28  Roach  
  73  8:36  Drone  
  73  8:37  Drone, Extractor, Overlord  
  74  8:42  Ravager  
  75  9:05  Hatchery, Drone x2  
  75  9:06  Drone  
  77  9:16  Roach x5  
  87  9:17  Overlord  
  87  9:23  Hydralisk Den  
  86  9:35  Ravager x3  
  89  9:40  Ravager  
  90  9:55  Muscular Augments  
  90  10:01  Zerg Missile Weapons Level 2  
  90  10:05  Drone x2  
  90  10:06  Drone x2, Overlord x2  
  94  10:07  Drone x4  
  94  10:08  Drone  
  99  10:24  Queen  
  99  10:26  Drone x2  
  103  10:29  Extractor  
  103  10:31  Extractor  
  103  10:33  Lurker Den  
  100  10:39  Drone x2, Infestation Pit  
  100  10:40  Drone x3  
  104  10:48  Roach  
  104  10:49  Roach x3  
  94  11:07  Roach x4  
  94  11:08  Roach x3  
  103  11:24  Grooved Spines  
  103  11:27  Roach x4  
  111  11:36  Drone x2  
  111  11:39  Overlord  
  113  11:40  Roach x3  
  113  11:43  Overseer  
  119  11:54  Hive  
  119  11:56  Overlord  
  119  11:59  Ravager x2  
  119  12:00  Ravager x4  
  125  12:05  Drone  
  125  12:07  Drone x3  
  129  12:17  Zerg Ground Armor Level 1  
  129  12:20  Ravager  
  129  12:21  Ravager  
  129  12:22  Hydralisk x2  
  135  12:23  Hatchery  
  135  12:26  Hydralisk  
  136  12:30  Overlord x2  
  136  12:43  Hydralisk  
  138  12:54  Hydralisk x5  
  138  12:55  Hydralisk x2  
  152  13:01  Overseer  
  152  13:04  Seismic Spines  
  152  13:06  Hydralisk  
  152  13:08  Overlord x3  
  154  13:28  Pneumatized Carapace  
  154  13:37  Lurker x2  
  154  13:38  Lurker x2  
  158  13:45  Overlord x3  
  158  13:47  Drone  
  158  13:48  Drone x4  
  163  13:57  Queen  
  163  14:01  Drone x2, Extractor  
  163  14:02  Drone x2  
  168  14:03  Extractor, Overlord  
  168  14:07  Lurker  
  168  14:08  Lurker x2  
  170  14:10  Lurker  
  170  14:11  Lurker  
  172  14:19  Adaptive Talons  
  172  14:25  Zerg Missile Weapons Level 3  
  173  14:31  Drone x3  
  173  14:32  Hydralisk  
  173  14:33  Hydralisk x3  
  183  14:51  Hydralisk x7  
  197  15:07  Overlord  
  197  15:08  Overlord x2  
  197  15:09  Zergling x2  
  197  15:10  Zergling x2  
  197  15:11  Zergling x2  
  168  16:17  Roach  
  168  16:18  Roach x23  
  185  16:19  Roach x4  
  185  16:21  Hydralisk x4  
  185  16:22  Hydralisk x3  
  169  17:20  Hydralisk  
  169  17:21  Hydralisk x15  
  192  17:23  Overlord x3  
  188  17:37  Roach  
  188  17:38  Roach  
  188  17:40  Overlord x2  
  189  18:03  Roach  
  189  18:04  Roach x4  
Show
View Real Time Build Order
Export as new Build Order

Takkie Zerg 

Build Orders: Pool First 

Get SALT Encoding   

  12  0:03  Drone  
  13  0:11  Drone  
  14  0:17  Overlord  
  14  0:24  Extractor  
  13  0:38  Spawning Pool  
  13  0:41  Drone  
  13  0:45  Drone  
  14  0:51  Drone  
  14  0:54  Drone  
  16  1:02  Drone  
  17  1:13  Drone  
  18  1:37  Drone x2  
  18  1:38  Queen  
  22  1:44  Roach Warren  
  22  1:45  Drone  
  22  1:59  Overlord  
  22  2:06  Overlord  
  22  2:26  Drone  
  22  2:29  Roach  
  25  2:43  Roach  
  27  2:54  Roach x2  
  27  2:55  Roach  
  33  3:00  Ravager  
  33  3:03  Overlord  
  34  3:09  Overlord  
  36  3:20  Roach  
  36  3:22  Ravager x2  
  38  3:43  Extractor  
  38  3:44  Roach x2  
  38  3:47  Roach  
  43  3:58  Roach  
  45  4:06  Roach  
  30  4:59  Roach x5  
  38  5:01  Roach  
  38  5:10  Drone  
  39  5:29  Roach x4  
  47  5:39  Overlord  
  47  6:04  Hatchery  
  44  6:16  Roach x2  
  44  6:17  Roach x3  
  52  6:40  Ravager x3  
  49  7:04  Roach  
  49  7:05  Roach x2  
  55  7:20  Queen  
  57  7:37  Drone x2  
  57  7:38  Drone  
  57  7:41  Queen  
  62  7:45  Drone x2  
  62  7:46  Hatchery, Drone  
  62  7:48  Hatchery  
  62  7:49  Drone  
  64  7:53  Drone x3  
  67  8:06  Drone  
  67  8:11  Extractor x2, Overlord  
  67  8:12  Overlord x2  
  66  8:37  Queen  
  66  8:40  Drone x2  
  70  8:55  Drone  
  70  8:56  Drone x4  
  70  8:57  Drone x3  
  78  9:26  Drone x3  
  78  9:29  Drone x2  
  78  9:30  Drone  
  84  9:55  Lair  
  84  10:09  Spine Crawler  
  84  10:12  Spine Crawler  
  82  10:26  Evolution Chamber  
  82  10:27  Evolution Chamber  
  80  10:42  Overlord x2  
  80  10:43  Overlord x4  
  80  10:44  Overlord  
  80  10:45  Overlord  
  80  10:58  Spire  
  79  11:05  Spire  
  78  11:13  Roach  
  78  11:14  Roach x5  
  78  11:15  Roach x4  
  92  12:08  Drone x3  
  95  12:10  Drone x3  
  95  12:11  Drone x2  
  95  12:15  Mutalisk  
  100  12:16  Mutalisk x12  
  126  12:39  Drone x2  
  126  12:42  Drone x3  
  131  12:51  Spine Crawler  
  130  12:54  Spine Crawler  
  130  12:55  Extractor  
  130  12:57  Extractor  
  127  13:01  Drone x3  
  130  13:14  Zerg Flyer Weapons Level 1  
  130  13:15  Zerg Flyer Armor Level 1  
  130  13:17  Overlord  
  130  13:18  Overlord x4  
  130  13:20  Mutalisk x6  
  130  13:21  Mutalisk x4  
  150  13:47  Drone  
  150  13:48  Drone x3  
  154  13:51  Extractor  
  153  14:03  Drone x4  
  153  14:08  Drone x3  
  153  14:09  Drone x2  
  162  14:10  Mutalisk  
  162  14:11  Mutalisk x7  
  162  14:13  Mutalisk  
  140  15:56  Zerg Flyer Weapons Level 2  
  133  15:58  Zerg Flyer Armor Level 2  
  133  16:01  Mutalisk x7  
  144  16:33  Mutalisk  
  144  16:34  Mutalisk x6  
  158  16:44  Queen  
  160  16:50  Roach  
  160  16:51  Roach x4  
  125  18:02  Roach  
  125  18:03  Roach x12  
Show
View Real Time Build Order
Export as new Build Order

Nigrnog Zerg 

Build Orders: Hatch First 

Get SALT Encoding   

  12  0:01  Drone  
  13  0:12  Overlord  
  13  0:19  Drone  
  14  0:30  Drone  
  14  0:31  Drone  
  16  0:36  Drone  
  17  0:45  Drone  
  18  1:01  Hatchery, Drone  
  18  1:13  Spawning Pool  
  18  1:15  Extractor  
  18  1:17  Drone  
  17  1:21  Drone  
  18  1:28  Drone  
  19  2:03  Drone x3  
  22  2:12  Roach Warren  
  22  2:14  Hatchery  
  20  2:18  Baneling Nest  
  19  2:24  Queen  
  21  2:35  Queen  
  23  2:48  Overlord  
  23  2:49  Zergling x2  
  23  2:50  Zergling x2  
  25  2:58  Drone  
  25  2:59  Drone x2  
  25  3:05  Overlord  
  28  3:11  Baneling x3  
  28  3:12  Baneling  
  28  3:22  Lair  
  28  3:29  Spine Crawler  
  27  3:36  Spine Crawler  
  27  3:40  Spine Crawler  
  25  3:45  Roach  
  27  3:57  Roach  
  27  3:58  Roach  
  27  4:00  Roach  
  33  4:07  Roach  
  35  4:20  Drone x4  
  37  4:52  Roach x2, Zergling x2  
  44  4:53  Roach x3  
  44  4:54  Zergling x4  
  44  4:55  Overlord  
  50  5:04  Drone, Extractor  
  50  5:10  Spore Crawler  
  49  5:21  Glial Reconstitution  
  49  5:38  Drone  
  49  5:39  Drone x7  
  49  5:40  Drone, Overlord  
  55  6:20  Roach  
  55  6:21  Roach x4  
  65  6:39  Queen  
  65  6:42  Overlord x4  
  65  6:43  Overlord x4  
  59  7:03  Roach x2  
  59  7:04  Roach x3  
  69  7:08  Drone  
  69  7:11  Extractor  
  69  7:12  Extractor  
  68  7:21  Zergling x10  
  73  7:30  Queen  
  73  7:33  Spore Crawler  
  73  7:34  Drone  
  75  7:55  Drone x5  
  80  7:59  Hatchery  
  79  8:08  Spire  
  79  8:10  Pneumatized Carapace  
  76  8:41  Hatchery  
  76  8:42  Spire  
  76  8:46  Infestation Pit  
  73  8:55  Drone x2  
  73  8:56  Drone x7  
  73  8:58  Drone  
  83  9:18  Drone x6  
  83  9:19  Drone x2  
  91  9:27  Spore Crawler  
  91  9:28  Extractor  
  91  9:30  Extractor  
  89  9:38  Drone x4  
  89  9:39  Drone x4  
  89  9:45  Queen  
  98  9:54  Roach x2  
  98  9:58  Zergling x10  
  107  10:04  Queen  
  109  10:11  Extractor  
  109  10:13  Drone, Extractor  
  108  10:36  Drone x2  
  108  10:37  Drone x7  
  108  10:38  Drone x6  
  123  10:53  Roach x6  
  123  10:54  Roach x3  
  132  11:20  Roach  
  132  11:21  Roach x5  
  141  11:34  Overlord x4  
  141  11:46  Ravager  
  142  11:51  Overlord x3  
  142  11:58  Drone  
  142  11:59  Hatchery, Drone x5  
  147  12:14  Drone  
  147  12:15  Drone  
  149  12:17  Roach x3  
  149  12:18  Roach x6, Corruptor  
  169  12:24  Queen  
  171  12:41  Zergling x8  
  171  12:42  Zergling x16  
  171  12:43  Zergling x6  
  186  12:45  Zergling x4  
  188  12:51  Hive  
  188  12:57  Zergling x12  
  188  12:58  Zergling x4  
  196  12:59  Overlord  
  196  13:00  Zergling x4  
  198  13:11  Baneling x4  
  198  13:12  Baneling x8  
  198  13:13  Baneling x9  
  198  13:21  Baneling  
  198  13:22  Baneling x8  
  198  13:23  Baneling x11  
  198  13:24  Baneling x4  
  198  13:29  Centrifical Hooks  
  198  13:35  Zerg Flyer Weapons Level 1  
  198  13:39  Drone x2  
  200  13:45  Metabolic Boost  
  200  14:06  Burrow  
  200  14:08  Greater Spire  
  200  14:20  Baneling x7  
  200  14:29  Evolution Chamber  
  200  14:31  Evolution Chamber  
  198  14:34  Evolution Chamber  
  197  14:49  Spore Crawler x2  
  197  14:51  Spore Crawler  
  194  14:52  Spore Crawler  
  194  14:57  Spore Crawler  
  194  14:59  Spore Crawler  
  191  15:00  Spore Crawler  
  191  15:04  Spore Crawler  
  191  15:05  Spore Crawler  
  174  15:15  Corruptor  
  174  15:16  Corruptor x9  
  174  15:17  Corruptor x3  
  200  15:28  Hatchery  
  179  15:57  Corruptor x7  
  176  15:58  Corruptor x4  
  138  16:15  Corruptor  
  138  16:16  Corruptor x2  
  138  16:17  Roach x8  
  138  16:18  Roach x5  
  145  16:30  Brood Lord  
  145  16:31  Brood Lord x4  
  155  16:35  Brood Lord x2  
  159  16:44  Brood Lord  
  95  17:30  Brood Lord x3  
  86  17:46  Corruptor x2  
Show
View Real Time Build Order
Export as new Build Order

MooEsqoo Zerg 

Build Orders: Hatch First 

Get SALT Encoding   

  12  0:01  Drone  
  13  0:13  Overlord  
  13  0:17  Drone  
  14  0:31  Drone x2  
  16  0:43  Drone  
  16  0:49  Drone  
  18  0:59  Hatchery  
  18  1:02  Drone  
  18  1:04  Extractor  
  17  1:09  Drone  
  18  1:19  Drone  
  18  1:24  Spawning Pool  
  18  1:29  Drone  
  19  1:42  Overlord  
  19  1:50  Drone  
  20  2:02  Overlord  
  20  2:11  Queen  
  20  2:12  Queen  
  20  2:13  Zergling x4  
  26  2:17  Metabolic Boost  
  26  2:29  Drone x2  
  28  2:37  Drone x2  
  31  2:44  Zergling x4  
  32  3:00  Hatchery  
  31  3:12  Zergling x6  
  34  3:13  Zergling x2  
  35  3:29  Baneling Nest  
  34  3:34  Roach Warren  
  34  3:39  Zergling x8  
  34  3:40  Zergling x6  
  40  3:52  Spine Crawler  
  39  4:01  Zergling x8  
  43  4:11  Evolution Chamber  
  42  4:18  Roach x2  
  38  4:31  Zergling x4  
  38  4:32  Zergling x6  
  39  4:54  Zergling x6  
  39  4:55  Zergling x2  
  39  4:57  Overlord  
  43  5:20  Roach x4  
  51  5:21  Overlord  
  51  5:35  Zerg Melee Weapons Level 1  
  51  5:46  Drone x2  
  51  5:47  Drone x2  
  39  6:17  Roach x6  
  51  7:00  Roach x6  
  57  7:20  Drone  
  57  7:21  Drone, Evolution Chamber  
  58  7:35  Ravager  
  58  7:36  Ravager  
  60  7:37  Overlord  
  60  7:38  Overlord x5  
  60  7:45  Lair  
  60  7:48  Hatchery  
  59  7:55  Queen  
  61  8:00  Ravager  
  62  8:06  Drone x4  
  62  8:07  Drone  
  67  8:25  Extractor  
  67  8:26  Ravager  
  67  8:29  Extractor  
  67  8:33  Drone x7  
  74  8:34  Drone  
  74  9:00  Extractor  
  73  9:03  Zerg Missile Weapons Level 1  
  73  9:13  Zerg Ground Armor Level 1  
  73  9:16  Drone  
  74  9:17  Drone x3  
  74  9:18  Drone x3  
  74  9:19  Drone x3  
  83  9:32  Glial Reconstitution  
  83  9:36  Zergling x6  
  83  9:37  Zergling x2  
  87  9:51  Overlord  
  87  9:52  Overlord x2  
  87  9:54  Roach x2  
  87  9:58  Ravager x3  
  87  9:59  Ravager  
  95  10:03  Extractor  
  95  10:04  Extractor  
  95  10:06  Baneling x4  
  93  10:08  Baneling  
  93  10:11  Baneling  
  93  10:13  Drone x4  
  97  10:24  Drone x2  
  97  10:25  Drone x4  
  103  10:31  Baneling x2  
  103  10:34  Centrifical Hooks  
  103  11:07  Roach  
  103  11:08  Roach x7  
  103  11:09  Roach x2, Overlord  
  123  11:36  Ravager  
  124  11:40  Roach x4  
  124  11:41  Roach x3  
  138  11:50  Overlord x2  
  138  12:10  Ravager x4  
  138  12:11  Ravager x2  
  138  12:14  Roach x4  
  138  12:15  Roach  
  154  12:16  Hatchery  
  154  12:17  Overlord x3  
  154  12:18  Overlord  
  153  12:28  Drone  
  154  12:30  Overlord x3  
  154  12:37  Overseer  
  154  13:08  Infestation Pit  
  154  13:12  Hydralisk Den  
  152  13:15  Drone x5  
  152  13:16  Drone  
  152  13:17  Drone x2  
  152  13:18  Roach  
  162  13:51  Ravager x5  
  162  13:52  Ravager x2  
  169  13:56  Hydralisk x7  
  169  13:57  Hydralisk x8  
  169  13:58  Hydralisk, Extractor  
  169  14:02  Extractor  
  199  14:05  Zerg Missile Weapons Level 2, Zerg Ground Armor Level 2  
  198  14:43  Spore Crawler x2  
  190  14:48  Spore Crawler  
  190  14:49  Spore Crawler  
  188  14:54  Spore Crawler  
  188  14:55  Spore Crawler  
  184  15:09  Hive  
  181  15:42  Spore Crawler  
  180  15:46  Spore Crawler  
  78  16:24  Hydralisk x7  
  78  16:25  Hydralisk x8  
  63  16:26  Hydralisk x6  
  85  16:35  Overseer  
  85  16:38  Queen  
  85  16:39  Queen x2  
  93  16:58  Hydralisk  
  93  16:59  Hydralisk x7  
  93  17:00  Hydralisk  
  109  17:13  Hydralisk x2  
  109  17:14  Hydralisk x3  
  97  17:21  Hydralisk x2  
  55  18:03  Hatchery  
Tags
 
Add a new tag
Caveats
  • Supply blocks, unpowered buildings, or Contaminate may cause inaccurate times.
  • Supply counts are checked every 10 seconds.